[Event "*** Titled Tuesday Blitz"]
[Site "Chess.com"]
[Date "2021.03.16"]
[Round "1"]
[White "Agnes66678"]
[Black "GregShahade"]
[Result "1/2-1/2"]
[WhiteElo "2415"]
[BlackElo "2759"]
[TimeControl "180+1"]
[EndTime "10:03:09 PDT"]
[Termination "Game drawn by repetition"]

1. d4 Nf6 2. c4 g6 3. Nc3 d5 4. cxd5 Nxd5 5. Bd2 Nb6 6. e3 Bg7 7. f4 O-O 8. Nf3 c5 9. dxc5 N6d7 10. Ne4 Bxb2 11.
Rb1 Bg7 12. Be2 Na6 13. Bxa6 bxa6 14. c6 Nb8 15. Qa4 Qe8 16. Rc1 Nxc6 17. Qxc6 Qxc6 18. Rxc6 Bb7 19. Rc4 Bd5 20. Ra4 Bc6 21. Rc4 Bd5 22. Ra4 Bc6 23. Rc4 Bd5 1/2-1/2

[Event "*** Titled Tuesday Blitz"]
[Site "Chess.com"]
[Date "2021.03.16"]
[Round "1"]
[White "Genghis_K"]
[Black "Pinkito"]
[Result "1-0"]
[WhiteElo "2893"]
[BlackElo "2465"]
[TimeControl "180+1"]
[EndTime "10:03:24 PDT"]
[Termination "Genghis_K won by resignation"]

1. e4 d5 2. exd5 Qxd5 3. Nc3 Qd8 4. d4 Nf6 5. Nf3 Bg4 6. h3 Bxf3 7. Qxf3 c6 8. Bf4 e6 9. O-O-O Bb4 10. Ne4 Nxe4 11.
Qxe4 Qd5 12. Qxd5 cxd5 13. c4 dxc4 14. Bxc4 Nd7 15. Kb1 Rc8 16. Bb3 O-O 17. d5 e5 18.
Be3 Bd6 19. Bxa7 b6 20. Ba4 Ra8 21. Bxd7 Rxa7 22. Bb5 Bc5 23. f3 Rd8 24. Rhe1 Bd4 25. Bc6 Kf8 26. a4 Ke7 27. Rxd4 1-0

[Event "*** Titled Tuesday Blitz"]
[Site "Chess.com"]
[Date "2021.03.16"]
[Round "1"]
[White "ChessLover0108"]
[Black "eCztery"]
[Result "1-0"]
[WhiteElo "2779"]
[BlackElo "2414"]
[TimeControl "180+1"]
[EndTime "10:03:26 PDT"]
[Termination "ChessLover0108 won by resignation"]

1. Nf3 c5 2. c3 d5 3. d4 Nc6 4. Bf4 Nf6 5. e3 e6 6. Nbd2 Bd6 7. dxc5 Bxc5 8. Bd3 O-O 9. O-O Re8 10. e4 dxe4 11.
Nxe4 Nxe4 12. Bxe4 Qxd1 13. Raxd1 f5 14. Bxc6 bxc6 15.
Ne5 Bb7 16. Rd7 Rab8 17. Nd3 Bf8 18. Bxb8 Rxb8 19. Ne5 Bc8 20. Rd8 1-0

[Event "*** Titled Tuesday Blitz"]
[Site "Chess.com"]
[Date "2021.03.16"]
[Round "1"]
[White "BJthechessgod"]
[Black "Legendinunknown"]
[Result "0-1"]
[WhiteElo "2281"]
[BlackElo "2611"]
[TimeControl "180+1"]
[EndTime "10:03:31 PDT"]
[Termination "Legendinunknown won on time"]

1. e4 e5 2. Nf3 Nc6 3. Bc4 Nf6 4. d3 Be7 5. O-O O-O 6. c3 d6 7. Nbd2 Na5 8. Bb5 a6 9. Ba4 b5 10. Bc2 c5 0-1

[Event "*** Titled Tuesday Blitz"]
[Site "Chess.com"]
[Date "2021.03.16"]
[Round "1"]
[White "ukchessbomber"]
[Black "enriquebutti"]
[Result "1-0"]
[WhiteElo "2526"]
[BlackElo "2178"]
[TimeControl "180+1"]
[EndTime "10:03:36 PDT"]
[Termination "ukchessbomber won by resignation"]

1. d4 Nf6 2. c4 e6 3. Nc3 Bb4 4. a3 Bxc3+ 5. bxc3 c5 6. e3 O-O 7. Bd3 d5 8. cxd5 exd5 9. Ne2 b6 10. O-O Ba6 11.
Ng3 Bxd3 12. Qxd3 Re8 13. f3 Qc8 14. e4 Qa6 15. Qc2 Qc4 16. e5 Nfd7 17. Nf5 Re6 18. Ne3 Qa6 19. Nxd5 Qb7 20. Qe4 Nc6 21. f4 cxd4 22.
cxd4 Rd8 23. f5 Ree8 24. f6 Ndxe5 25. dxe5 Nxe5 26. Ne7+ Rxe7 27. fxe7 1-0

[Event "*** Titled Tuesday Blitz"]
[Site "Chess.com"]
[Date "2021.03.16"]
[Round "1"]
[White "Ermito2020"]
[Black "Margarita2907"]
[Result "1-0"]
[WhiteElo "2526"]
[BlackElo "2185"]
[TimeControl "180+1"]
[EndTime "10:03:37 PDT"]
[Termination "Ermito2020 won by resignation"]

1. e4 c5 2. Nf3 d6 3. d4 cxd4 4. Nxd4 Nf6 5. Nc3 a6 6. Nb3 Nbd7 7. g4 Nb6 8. g5 Nfd7 9. Be3 Ne5 10. Nd4 Nbc4 11.
Bc1 Qc7 12. f4 Nd7 13. Nd5 Qc5 14. b4 1-0

[Event "*** Titled Tuesday Blitz"]
[Site "Chess.com"]
[Date "2021.03.16"]
[Round "1"]
[White "MITerryble"]
[Black "Das_Virus_2020"]
[Result "1-0"]
[WhiteElo "2904"]
[BlackElo "2471"]
[TimeControl "180+1"]
[EndTime "10:03:42 PDT"]
[Termination "MITerryble won by resignation"]

1. e4 e6 2. d4 d5 3. exd5 exd5 4. Nf3 Nf6 5. Bd3 Bd6 6. Qe2+ Qe7 7. Qxe7+ Bxe7 8.
Bf4 c6 9. O-O O-O 10. Nbd2 Bg4 11. Ne5 Bh5 12. Nb3 Bg6 13. Bxg6 hxg6 14. Na5 Na6 15.
Nxb7 Rab8 16. Na5 Rxb2 17. Naxc6 Ba3 18. Bc1 1-0

[Event "*** Titled Tuesday Blitz"]
[Site "Chess.com"]
[Date "2021.03.16"]
[Round "1"]
[White "Gabrielian_Artur"]
[Black "DishonorOnYourCow"]
[Result "1-0"]
[WhiteElo "2804"]
[BlackElo "2426"]
[TimeControl "180+1"]
[EndTime "10:03:44 PDT"]
[Termination "Gabrielian_Artur won by resignation"]

1. e4 e5 2. Nc3 Nc6 3. g3 Bc5 4. Bg2 a6 5. Nge2 d6 6. O-O Nf6 7. d3 O-O 8. h3 h6 9. Kh2 Ba7 10. f4 Nh7 11. f5 Nd4 12. Nxd4 Bxd4 13. Ne2 Ba7 14. g4 c6 15. Ng3 d5 16. Qe2 dxe4 17. Nxe4 Ng5 18. Bxg5 hxg5 19. f6 Be6 20. Qd2 g6 21.
Qxg5 Kh7 22. Qh4+ Kg8 23. Qh6 1-0

[Event "*** Titled Tuesday Blitz"]
[Site "Chess.com"]
[Date "2021.03.16"]
[Round "1"]
[White "TheCairnTerrier"]
[Black "Natalya_Buksa"]
[Result "1-0"]
[WhiteElo "2158"]
[BlackElo "2497"]
[TimeControl "180+1"]
[EndTime "10:04:04 PDT"]
[Termination "TheCairnTerrier won by resignation"]

1. e4 c5 2. Nf3 Nc6 3. Bb5 g6 4. Bxc6 dxc6 5. d3 Bg7 6. h3 Nf6 7. O-O Nd7 8. Nc3 e5 9. a4 Nf8 10. a5 Ne6 11. Be3 Nd4 12. Na4 Qd6 13. c3 Ne6 14.
Ng5 Nxg5 15. Bxg5 Rb8 16. f4 f6 17. fxe5 fxe5 18. Qb3 Be6 19. Qa3 b6 20. axb6 axb6 21. Nxb6 Rxb6 22. Qa7 Bd7 23. Qxb6 Bc8 24. Ra8 Qd7 25. Ra7 1-0

[Event "*** Titled Tuesday Blitz"]
[Site "Chess.com"]
[Date "2021.03.16"]
[Round "1"]
[White "Skatchkov_V"]
[Black "CraiggoryC"]
[Result "1-0"]
[WhiteElo "2619"]
[BlackElo "2290"]
[TimeControl "180+1"]
[EndTime "10:04:07 PDT"]
[Termination "Skatchkov_V won by resignation"]

1. d4 Nf6 2. c4 g6 3. Nf3 Bg7 4. g3 O-O 5. Bg2 c5 6. O-O d6 7. Nc3 Nc6 8. d5 Na5 9. Qd3 Rb8 10.
b3 Bf5 11. Qe3 Qd7 12. Bb2 Bh3 13. Bxh3 Qxh3 14. Qxe7 Rbe8 15. Qxd6 Ne4 16. Nxe4 Bxb2 17. Nf6+ Bxf6 18. Qxf6 Rxe2 19. Rfe1 Rfe8 20. Rxe2 Rxe2 21.
Qd8+ Kg7 22. Qxa5 Qf5 23. Qc3+ f6 24. Rd1 g5 25. d6 g4 26. d7 gxf3 27. d8=Q Re6 28.
Rd7+ Kg6 29. Qg8+ Kh5 30. Rxh7+ 1-0

[Event "*** Titled Tuesday Blitz"]
[Site "Chess.com"]
[Date "2021.03.16"]
[Round "1"]
[White "WiktoriaPOL"]
[Black "alejogarcia1999"]
[Result "1-0"]
[WhiteElo "2108"]
[BlackElo "2493"]
[TimeControl "180+1"]
[EndTime "10:04:09 PDT"]
[Termination "WiktoriaPOL won by resignation"]

1. c4 Nf6 2. Nc3 g6 3. g3 Bg7 4.
Bg2 O-O 5. e4 d6 6. Nge2 e5 7.
O-O a5 8. d3 Na6 9. f4 exf4 10.
Bxf4 c6 11. Qd2 Ng4 12. h3 Ne5 13. b3 Nb4 14. d4 Ned3 15. Be3 c5 16. a3 cxd4 17.
Nxd4 Qb6 18. Nf5 Bxc3 19. Qxc3 1-0

[Event "*** Titled Tuesday Blitz"]
[Site "Chess.com"]
[Date "2021.03.16"]
[Round "1"]
[White "Meri-Arabidze"]
[Black "SHIVACalypso"]
[Result "1-0"]
[WhiteElo "2655"]
[BlackElo "2347"]
[TimeControl "180+1"]
[EndTime "10:04:12 PDT"]
[Termination "Meri-Arabidze won by resignation"]

1. d4 e6 2. c4 Nf6 3. Nc3 Bb4 4. Nf3 O-O 5. e3 b6 6. Bd3 Bb7 7. Qc2 d6 8. O-O Nbd7 9. e4 Bxc3 10. bxc3 e5 11. Re1 Qe7 12. Nd2 a5 13. Nf1 Rfe8 14.
f3 Nf8 15. Ne3 Ne6 16. Nf5 Qd7 17. Qf2 g6 18. Nh6+ Kg7 19. Ng4 Nxg4 20. fxg4 exd4 21.
cxd4 c5 22. d5 Nd4 23. Rf1 Ba6 24. Bg5 Kg8 25. Qf6 Qd8 26. Qxf7+ 1-0

[Event "*** Titled Tuesday Blitz"]
[Site "Chess.com"]
[Date "2021.03.16"]
[Round "1"]
[White "Aslanov_Umid"]
[Black "vovachesss"]
[Result "0-1"]
[WhiteElo "2392"]
[BlackElo "2738"]
[TimeControl "180+1"]
[EndTime "10:04:14 PDT"]
[Termination "vovachesss won by resignation"]

1. e4 e5 2. Nf3 d6 3. Bc4 Be7 4. O-O Nf6 5. Nc3 O-O 6. h3 c6 7. a4 Nbd7 8. d4 b6 9. dxe5 dxe5 10. Qe2 Qc7 11. Nh4 Nc5 12. Bg5 h6 13. Bxf6 Bxf6 14. Nf5 Kh7 15. b4 Ne6 16. Rad1 g6 17. Nd6 Nd4 18.
Rxd4 exd4 19. e5 dxc3 20. Nxc8 Bxe5 21. Re1 Bh2+ 0-1

[Event "*** Titled Tuesday Blitz"]
[Site "Chess.com"]
[Date "2021.03.16"]
[Round "1"]
[White "AlhosaniOmran1"]
[Black "WilliamSchill"]
[Result "1/2-1/2"]
[WhiteElo "2504"]
[BlackElo "2149"]
[TimeControl "180+1"]
[EndTime "10:04:18 PDT"]
[Termination "Game drawn by repetition"]

1. d4 Nf6 2. c4 g6 3. Nc3 Bg7 4. e4 d6 5. Nf3 O-O 6. Be2 e5 7. O-O Nc6 8. d5 Ne7 9. b4 c6 10. a4 a5 11. b5 c5 12. Bg5 h6 13. Bd2 b6 14. Qc1 Kh7 15. Ne1 Nd7 16. Nd3 f5 17. f3 f4 18. g3 g5 19. g4 Ng6 20. h3 Nf6 21. Kf2 Ra7 22. Ke1 h5 23. Kd1 Rh8 24. Kc2 Kg8 25. Kb3 Bf8 26.
Rg1 hxg4 27. hxg4 Rah7 28. Qf1 Qe7 29. Qf2 Rh4 30. Rg2 R8h6 31. Rag1 Qh7 32. Be1 Rh2 33. Rxh2 Rxh2 34. Rg2 Rh1 35. Rg1 Rh2 36. Rg2 Rh1 37.
Rg1 Rh2 1/2-1/2

[Event "*** Titled Tuesday Blitz"]
[Site "Chess.com"]
[Date "2021.03.16"]
[Round "1"]
[White "ural58"]
[Black "barbara25"]
[Result "1-0"]
[WhiteElo "2556"]
[BlackElo "2230"]
[TimeControl "180+1"]
[EndTime "10:04:25 PDT"]
[Termination "ural58 won by resignation"]

1. e4 c5 2. b3 d6 3. Bb2 e6 4. f4 Nf6 5. Nc3 Be7 6. Qe2 O-O 7. g4 a6 8. g5 Nfd7 9. h4 Nc6 10.
Nf3 b5 11. O-O-O Nb6 12. d4 Qc7 13. d5 Na5 14. dxe6 fxe6 15. Qe3 b4 16. Ne2 c4 17.
Bd4 cxb3 18. axb3 Rb8 19. Ng3 Bd7 20. f5 Rfc8 21. Rh2 Nc6 22. Bxa6 Nxd4 23. Bxc8 Nxb3+ 24. Qxb3 Rxc8 25. Nd4 Nc4 26. Nxe6 Bxe6 27. fxe6 Qc5 28. Nf5 Ra8 29. Nxe7+ Kf8 30. Qf3+ 1-0

[Event "*** Titled Tuesday Blitz"]
[Site "Chess.com"]
[Date "2021.03.16"]
[Round "1"]
[White "Storne89"]
[Black "Mrlammy"]
[Result "1-0"]
[WhiteElo "2632"]
[BlackElo "2305"]
[TimeControl "180+1"]
[EndTime "10:04:26 PDT"]
[Termination "Storne89 won by checkmate"]

1. d4 Nf6 2. Nf3 e6 3. Bf4 d5 4. e3 Bd6 5. Nbd2 Bxf4 6. exf4 O-O 7. Bd3 b6 8. Qe2 Bb7 9. c3 Nbd7 10. Ne5 c5 11. h4 Rc8 12. h5 cxd4 13. cxd4 Nxe5 14. fxe5 Nd7 15. f4 Qe7 16. a3 Nb8 17. g4 Qc7 18. f5 exf5 19. gxf5 Qc1+ 20. Rxc1 Rxc1+ 21. Kf2 Rxh1 22. Qg4 Rh2+ 23. Ke3 Ba6 24. f6 g6 25.
hxg6 Bxd3 26. gxh7+ Kxh7 27. Qg7# 1-0

[Event "*** Titled Tuesday Blitz"]
[Site "Chess.com"]
[Date "2021.03.16"]
[Round "1"]
[White "andriipalchuk"]
[Black "novocane"]
[Result "1-0"]
[WhiteElo "2587"]
[BlackElo "2257"]
[TimeControl "180+1"]
[EndTime "10:04:32 PDT"]
[Termination "andriipalchuk won by resignation"]

1. d4 Nf6 2. c4 e6 3. Nf3 b6 4.
g3 Ba6 5. Bg2 Be7 6. Qc2 O-O 7.
O-O c5 8. Ne5 d5 9. dxc5 bxc5 10. Rd1 Bb7 11. Nc3 Nbd7 12. Bf4 Nxe5 13. Bxe5 Bd6 14.
Bxf6 Qxf6 15. cxd5 exd5 16. Bxd5 Rab8 17. Bxb7 Rxb7 18. Ne4 1-0

[Event "*** Titled Tuesday Blitz"]
[Site "Chess.com"]
[Date "2021.03.16"]
[Round "1"]
[White "anon132639"]
[Black "Lady_Nika"]
[Result "1-0"]
[WhiteElo "2748"]
[BlackElo "2401"]
[TimeControl "180+1"]
[EndTime "10:04:40 PDT"]
[Termination "anon132639 won by resignation"]

1. Nf3 d5 2. c4 e6 3. e3 f5 4. b3 Nf6 5. Be2 c6 6. O-O Bd6 7. d4 Nbd7 8. Ba3 Bxa3 9. Nxa3 O-O 10. Nc2 Ne4 11. Nce1 Rf6 12. Nd3 Rh6 13. Rc1 g5 14. Nfe5 g4 15. f3 gxf3 16. Rxf3 Qf6 17. Qe1 Nxe5 18.
Nxe5 Kh8 19. Bd3 Qe7 20. Bxe4 dxe4 21. Rg3 Bd7 22. Qf2 Be8 23. Qf4 Rh4 24. Nf7+ Qxf7 25. Qe5+ 1-0

[Event "*** Titled Tuesday Blitz"]
[Site "Chess.com"]
[Date "2021.03.16"]
[Round "1"]
[White "c_r_e_e_p_e_r"]
[Black "abykhovsky"]
[Result "0-1"]
[WhiteElo "2347"]
[BlackElo "2654"]
[TimeControl "180+1"]
[EndTime "10:04:40 PDT"]
[Termination "abykhovsky won on time"]

1. e4 c5 2. Nf3 d6 3. Bb5+ Nc6 4.
Bxc6+ bxc6 5. h3 e5 6. d3 Nf6 7.
Nc3 Be7 8. O-O O-O 9. Be3 Ne8 10.
Nd2 d5 11. exd5 cxd5 12. Qf3 Be6 13. Ne2 d4 14. Bh6 gxh6 15. Qg3+ Ng7 16. Qxe5 Bd6 17.
Qe4 Bd5 18. Qg4 f5 19. Nf4 fxg4 20. Nxd5 gxh3 21. g3 Qg5 22. Kh2 Qxd2 0-1

[Event "*** Titled Tuesday Blitz"]
[Site "Chess.com"]
[Date "2021.03.16"]
[Round "1"]
[White "GMaka"]
[Black "iturrizaga"]
[Result "0-1"]
[WhiteElo "2447"]
[BlackElo "2842"]
[TimeControl "180+1"]
[EndTime "10:04:42 PDT"]
[Termination "iturrizaga won by resignation"]

1. d4 Nf6 2. Bg5 d5 3. e3 Nbd7 4. Bd3 e5 5. Bf5 Be7 6. Nf3 e4 7. Ne5 O-O 8. Nxd7 Bxd7 9. Bxd7 Nxd7 10. Bxe7 Qxe7 11. Nc3 c6 12. Qd2 a5 13. Ne2 a4 14. a3 Nb6 15. O-O Nc4 16. Qc3 f5 17.
Rfb1 g5 18. Qb4 Qxb4 19. axb4 h6 20. g3 Kg7 21. b5 cxb5 22. Nc3 Nd2 23. Rd1 Nf3+ 24.
Kg2 Rfc8 25. Rac1 a3 26. Nxd5 axb2 27. Rb1 Rxc2 28. Nb4 Re2 29. Kf1 Rd2 30. Kg2 Rxd1 0-1

[Event "*** Titled Tuesday Blitz"]
[Site "Chess.com"]
[Date "2021.03.16"]
[Round "1"]
[White "Susal_De_Silva"]
[Black "Speed-O-Sonic"]
[Result "0-1"]
[WhiteElo "2624"]
[BlackElo "2359"]
[TimeControl "180+1"]
[EndTime "10:04:46 PDT"]
[Termination "Speed-O-Sonic won by resignation"]

1. e4 c6 2. d4 d5 3. Nc3 dxe4 4. Nxe4 Nf6 5. Nxf6+ exf6 6. c3 Bd6 7. Bd3 O-O 8.
Ne2 Re8 9. Qc2 h5 10. O-O h4 11. h3 Qc7 12. Bd2 Nd7 13. Rae1 Nf8 14. c4 Be6 15. b3 a5 16. c5 Bh2+ 17. Kh1 Bd5 18. f4 Bg3 19. Nxg3 hxg3 20. Be4 Qd7 21. Bc3 Rxe4 22. Rxe4 Qf5 23. Rfe1 Re8 24. Rxe8 Qxc2 0-1

[Event "*** Titled Tuesday Blitz"]
[Site "Chess.com"]
[Date "2021.03.16"]
[Round "1"]
[White "vugarrasulov"]
[Black "CM_rui"]
[Result "1-0"]
[WhiteElo "2840"]
[BlackElo "2447"]
[TimeControl "180+1"]
[EndTime "10:04:55 PDT"]
[Termination "vugarrasulov won by resignation"]

1. e4 e5 2. Nf3 Nc6 3. Bb5 a6 4. Ba4 Nf6 5. O-O Be7 6. d3 b5 7. Bb3 O-O 8. a4 b4 9. Nbd2 d5 10. exd5 Nxd5 11. Re1 Bf6 12. Ne4 Bg4 13. c3 Nb6 14. h3 Bh5 15. a5 Nd7 16. Bd5 Ne7 17. Bxa8 Qxa8 18. g4 Bg6 19. g5 Bh5 20. gxf6 Nxf6 21. Bg5 Nf5 22. Bxf6 bxc3 23. bxc3 gxf6 24. Nxf6+ Kh8 25. Nxh5 Rg8+ 26. Kh2 c5 27. Rxe5 Qb8 28.
d4 cxd4 29. cxd4 Qd6 30. Qd3 Qg6 31. Rg1 1-0

[Event "*** Titled Tuesday Blitz"]
[Site "Chess.com"]
[Date "2021.03.16"]
[Round "1"]
[White "ChrisTool2"]
[Black "blitzking1729"]
[Result "0-1"]
[WhiteElo "2342"]
[BlackElo "2649"]
[TimeControl "180+1"]
[EndTime "10:05:07 PDT"]
[Termination "blitzking1729 won by resignation"]

1. d4 d6 2. Nf3 g6 3. Nc3 Bg7 4.
e4 Nf6 5. h3 O-O 6. Be3 a6 7. Qd2 b5 8. Be2 b4 9. Na4 Nxe4 10.
Qxb4 d5 11. O-O Nc6 12. Qa3 Qd6 13. Nc5 Nxc5 14. dxc5 Qf6 15. c3 e5 16. Rad1 e4 17. Nd4 Nxd4 18. Bxd4 Qc6 19. f3 Be6 20. b4 f5 21. Qc1 f4 22. Kh1 e3 23. Qc2 Qd7 24.
Kh2 c6 25. c4 Qe7 26. cxd5 cxd5 27. Rfe1 Qg5 28. Bf1 Bxd4 29. Rxd4 Qg3+ 30. Kg1 Qxe1 31.
Rd1 Qxb4 0-1

[Event "*** Titled Tuesday Blitz"]
[Site "Chess.com"]
[Date "2021.03.16"]
[Round "1"]
[White "MrChampion_Coach"]
[Black "frequentblunders"]
[Result "1-0"]
[WhiteElo "2501"]
[BlackElo "2056"]
[TimeControl "180+1"]
[EndTime "10:05:14 PDT"]
[Termination "MrChampion_Coach won by resignation"]

1. d4 e6 2. c4 c5 3. d5 Nf6 4. Nc3 d6 5. e4 g6 6. Nge2 Bg7 7. Ng3 O-O 8. Be2 exd5 9. cxd5 Nbd7 10. O-O Re8 11. a4 Ne5 12. h3 h5 13. Bg5 Qb6 14. Nb5 a6 15. a5 Qd8 16. Nc3 Bd7 17. f4 h4 18. Bxh4 g5 19. fxe5 gxh4 20. exf6 Bxf6 21.
Nh5 Bd4+ 22. Kh1 Qg5 23. Qc1 Be3 24. Qe1 Kh8 25. Nf6 Rg8 26. Nxg8 Rxg8 27. Bg4 Bxg4 28. hxg4 Qxg4 29. Qe2 Qd7 30. Qh5+ 1-0

[Event "*** Titled Tuesday Blitz"]
[Site "Chess.com"]
[Date "2021.03.16"]
[Round "1"]
[White "Unknown_IM"]
[Black "QuintilianoR"]
[Result "0-1"]
[WhiteElo "2398"]
[BlackElo "2744"]
[TimeControl "180+1"]
[EndTime "10:05:15 PDT"]
[Termination "QuintilianoR won by resignation"]

1. e4 c5 2. Nf3 d6 3. c3 Nf6 4. Be2 g6 5. O-O Bg7 6. Bb5+ Nc6 7. d4 O-O 8. Re1 cxd4 9. cxd4 Bg4 10. Bxc6 bxc6 11.
h3 Bxf3 12. Qxf3 Nd7 13. Rd1 Rb8 14. Nc3 Qb6 15. Qd3 Rfe8 16. b3 c5 17. Nd5 Qb7 18. Bb2 e6 19. Ne3 cxd4 20. Bxd4 Nc5 21. Bxc5 dxc5 22. Rac1 Bd4 23. Nc4 Rbd8 24. Qf3 Rd7 25. h4 h5 26. Qf4 Red8 27. e5 Bxf2+ 28. Kxf2 Rxd1 29. Nd6 R1xd6 30. exd6 Qd5 31. Qc4 Qf5+ 32. Kg1 Rxd6 33. Qxc5 Rd1+ 0-1

[Event "*** Titled Tuesday Blitz"]
[Site "Chess.com"]
[Date "2021.03.16"]
[Round "1"]
[White "anon102030"]
[Black "Kurkusha"]
[Result "1-0"]
[WhiteElo "2706"]
[BlackElo "2368"]
[TimeControl "180+1"]
[EndTime "10:05:19 PDT"]
[Termination "anon102030 won by resignation"]

1. e4 e5 2. Nc3 Nf6 3. g3 d5 4. exd5 Nxd5 5. Bg2 Nxc3 6. bxc3 Nc6 7. Rb1 Bc5 8. Ne2 O-O 9. O-O f5 10. d3 Bb6 11.
Ba3 Re8 12. c4 Ba5 13. f4 Nd4 14. fxe5 Rxe5 15. Nxd4 Qxd4+ 16. Kh1 c6 17. Bb2 Bc3 18. Rf4 Bxb2 19. Rxd4 Bxd4 20. Qd2 Bb6 21. d4 Re8 22. c5 Bc7 23. c4 Rb8 24. d5 Bd7 25. dxc6 Bxc6 26. Bxc6 bxc6 27. Rxb8 Rxb8 28. Qd7 Rb1+ 29.
Kg2 Rb2+ 30. Kh3 1-0

[Event "*** Titled Tuesday Blitz"]
[Site "Chess.com"]
[Date "2021.03.16"]
[Round "1"]
[White "Andrakhanova"]
[Black "Vice64"]
[Result "0-1"]
[WhiteElo "2259"]
[BlackElo "2589"]
[TimeControl "180+1"]
[EndTime "10:05:21 PDT"]
[Termination "Vice64 won by resignation"]

1. c4 Nf6 2. Nc3 e5 3. g3 Nc6 4. Bg2 Bc5 5. e3 d5 6. Nxd5 Nxd5 7. cxd5 Nb4 8. d4 exd4 9. exd4 Be7 10. Ne2 O-O 11. Nc3 Bf5 12. Be3 Nc2+ 13. Kf1 Nxa1 14. Qxa1 Bf6 15. Ke2 Qd6 16. Rd1 Qa6+ 17. Ke1 Rfe8 18.
Qc1 Rad8 19. a3 c6 20. b4 Bg4 21. Rd2 cxd5 22. Nxd5 Bxd4 23. Nc7 Bxe3 0-1

[Event "*** Titled Tuesday Blitz"]
[Site "Chess.com"]
[Date "2021.03.16"]
[Round "1"]
[White "NoGuru"]
[Black "jfriedel"]
[Result "0-1"]
[WhiteElo "2288"]
[BlackElo "2621"]
[TimeControl "180+1"]
[EndTime "10:05:24 PDT"]
[Termination "jfriedel won by resignation"]

1. Nf3 Nf6 2. c4 b6 3. d4 e6 4. a3 Ba6 5. e3 d5 6. cxd5 Bxf1 7. Kxf1 exd5 8. g3 Bd6 9. Kg2 O-O 10. Nc3 c6 11.
Re1 Nbd7 12. e4 Nxe4 13. Nxe4 dxe4 14. Rxe4 h6 15. Bd2 Nf6 16. Re2 Nd5 17. Qc2 Rc8 18.
Rae1 Qd7 19. h3 Qb7 20. Qe4 Nf6 21. Qf5 Qd7 22. Qxd7 Nxd7 23. Ne5 Nf6 24. g4 Nd5 25.
Bc1 f6 26. Nd3 Kf7 27. Re6 Rcd8 28. Bd2 Rd7 29. Kf3 Rfd8 30. R1e4 Nc7 31. Bf4 Nxe6 0-1

[Event "*** Titled Tuesday Blitz"]
[Site "Chess.com"]
[Date "2021.03.16"]
[Round "1"]
[White "Forantes"]
[Black "bakki78"]
[Result "0-1"]
[WhiteElo "2417"]
[BlackElo "2790"]
[TimeControl "180+1"]
[EndTime "10:05:29 PDT"]
[Termination "bakki78 won by resignation"]

1. Nf3 c5 2. g3 Nc6 3. d4 cxd4 4. Nxd4 g6 5. Bg2 Bg7 6. Nb3 h5 7.
h4 Nf6 8. O-O d6 9. Nc3 Bd7 10.
Nd5 Nxd5 11. Qxd5 O-O 12. c3 Be6 13. Qb5 Qc7 14. Bf4 a6 15. Qd3 Rac8 16. Rac1 b5 17. Rfd1 Bc4 18. Qe3 Ne5 19. Bh3 Rb8 20. Bh6 a5 21. Bxg7 Kxg7 22. Qd4 Kg8 23. f4 Nc6 24. Qf2 a4 25. Nd4 Bxa2 26. f5 Nxd4 27. Rxd4 Qc5 28. Rf1 e5 29. fxg6 fxg6 30. Qxf8+ 0-1

[Event "*** Titled Tuesday Blitz"]
[Site "Chess.com"]
[Date "2021.03.16"]
[Round "1"]
[White "NTBT_DHS"]
[Black "vanImpe"]
[Result "1-0"]
[WhiteElo "2775"]
[BlackElo "2413"]
[TimeControl "180+1"]
[EndTime "10:05:29 PDT"]
[Termination "NTBT_DHS won on time"]

1. d4 g6 2. c4 Bg7 3. Nf3 Nf6 4. g3 O-O 5. Bg2 d6 6. O-O Nbd7 7. Nc3 e5 8. dxe5 dxe5 9. Bg5 h6 10. Bxf6 Qxf6 11. Nd5 Qd8 12. Qc2 c6 13. Nc3 Nc5 14. Rfd1 Qc7 15.
b4 Ne6 16. e3 Ng5 17. Nxg5 hxg5 18. Rd2 Bg4 19. h3 Be6 20. Ne4 g4 21. h4 Bf5 22.
Rad1 Rfd8 23. Qa4 Rxd2 24. Rxd2 Bxe4 25. Bxe4 f5 26. Bg2 Bf8 27. c5 a6 28. Qb3+ Kg7 29. Qe6 Rd8 30. Rxd8 Qxd8 31. Qxe5+ Kh7 32. h5 Qd1+ 33.
Kh2 Qd2 34. Qf6 Qxf2 35. hxg6+ Kh6 36. g7+ Kh7 37. gxf8=Q 1-0

[Event "*** Titled Tuesday Blitz"]
[Site "Chess.com"]
[Date "2021.03.16"]
[Round "1"]
[White "Sharpchess22"]
[Black "MartinMatthiesen"]
[Result "1-0"]
[WhiteElo "2722"]
[BlackElo "2384"]
[TimeControl "180+1"]
[EndTime "10:05:30 PDT"]
[Termination "Sharpchess22 won by resignation"]

1. c4 e6 2. Nf3 d5 3. d4 Nf6 4. Nc3 Be7 5. Bf4 O-O 6. e3 b6 7. Qc2 c5 8. Rd1 Nc6 9. a3 cxd4 10. cxd5 Nxd5 11. Nxd5 Qxd5 12. Bd3 f5 13. O-O Bf6 14. b4 Bb7 15. Bc4 Qd7 16. Qb3 Rfe8 17. exd4 Rad8 18. d5 Nb8 19. dxe6 Qe7 20. Rd7 1-0

[Event "*** Titled Tuesday Blitz"]
[Site "Chess.com"]
[Date "2021.03.16"]
[Round "1"]
[White "gxbg2000"]
[Black "djano"]
[Result "0-1"]
[WhiteElo "1961"]
[BlackElo "2498"]
[TimeControl "180+1"]
[EndTime "10:05:33 PDT"]
[Termination "djano won by resignation"]

1. e4 c5 2. Nf3 g6 3. d4 cxd4 4. Nxd4 Nc6 5. Nxc6 bxc6 6. Bd3 Bg7 7. c3 d6 8. O-O Nf6 9. Na3 O-O 10. Nc2 Ng4 11. h3 Ne5 12. Be3 Nxd3 13. Qxd3 Qc7 14. Rad1 a5 15. b3 a4 16. Rfe1 axb3 17. axb3 Ba6 18. c4 Rfb8 19. Bd4 e5 20. Be3 Bf8 21. Bd2 d5 22. exd5 cxd5 23. Rb1 dxc4 24. bxc4 Bxc4 25. Qc3 Bd6 26. Ne3 Be6 27. Qxc7 Bxc7 28. Rxb8+ Rxb8 29. Rc1 Bb6 30. Nc4 Bd4 31. Be3 Rc8 32. Nd6 Rxc1+ 33.
Bxc1 Kf8 34. Kf1 Ke7 35. Nb5 Bc4+ 0-1

[Event "*** Titled Tuesday Blitz"]
[Site "Chess.com"]
[Date "2021.03.16"]
[Round "1"]
[White "xberli"]
[Black "GMJustin"]
[Result "1-0"]
[WhiteElo "2616"]
[BlackElo "2287"]
[TimeControl "180+1"]
[EndTime "10:05:35 PDT"]
[Termination "xberli won on time"]

1. e4 c5 2. Nf3 d6 3. d4 cxd4 4. Nxd4 Nf6 5. Nc3 Nc6 6. Bg5 e6 7. Qd2 Be7 8. O-O-O O-O 9. f4 h6 10. h4 e5 11. Nf3 Bg4 12. Be2 Qa5 13. Kb1 Bxf3 14.
gxf3 Nd4 15. fxe5 dxe5 16. Bxh6 Kh7 17. Bxg7 Kxg7 18. Rdg1+ Kh7 19. f4 Rg8 20. fxe5 Qxa2+ 21. Nxa2 1-0

[Event "*** Titled Tuesday Blitz"]
[Site "Chess.com"]
[Date "2021.03.16"]
[Round "1"]
[White "Margency"]
[Black "kunaevchess"]
[Result "1-0"]
[WhiteElo "2713"]
[BlackElo "2369"]
[TimeControl "180+1"]
[EndTime "10:05:36 PDT"]
[Termination "Margency won on time"]

1. e4 c5 2. Nf3 Nc6 3. d4 cxd4 4. Nxd4 Nf6 5. Nc3 e5 6. Ndb5 d6 7. Bg5 a6 8. Na3 b5 9. Nd5 Be7 10. Bxf6 Bxf6 11. c4 b4 12. Nc2 O-O 13. g3 a5 14. b3 Be6 15. h4 Rc8 16. Bh3 g6 17. Kf1 Bg7 18. h5 Nd4 19. Nxd4 exd4 20. Kg2 Rc5 21.
hxg6 Bxh3+ 22. Rxh3 fxg6 23. Qd3 h6 24. Re1 Qd7 25. Re2 Qf7 26. f4 Rcc8 27. Rh1 Rce8 28. Rhe1 Qa7 29. e5 dxe5 30. fxe5 Re6 31. Nf4 Ra6 32. e6 1-0